Map: Undercurrent LE

Players

Ekelpack - Winner!

  • Race: Zerg Zerg
  • Spawn Location: 7:00

Nyck - Winner!

  • Race: Terran Terran
  • Spawn Location: 7:00

LiżMiJaja

  • Race: Terran Terran
  • League: Diamond
  • Spawn Location: 1:00

Red

  • Race: Zerg Zerg
  • League: Master
  • Spawn Location: 3:00

VOD

Have the link to the VOD?

Description

Time

  • Played on: Jan. 1, 2025, 12:42 p.m.
  • Length: 18:19
Show
View Real Time Build Order
Export as new Build Order

Ekelpack Zerg - Winner!

Build Orders: Hatch First 

Get SALT Encoding   

  12  0:00  Drone  
  13  0:12  Overlord  
  13  0:18  Drone  
  14  0:31  Drone  
  15  0:44  Hatchery  
  15  0:47  Drone  
  15  1:02  Spawning Pool  
  14  1:06  Drone  
  15  1:15  Drone x2  
  17  1:19  Extractor  
  17  1:25  Drone  
  17  1:35  Drone  
  18  1:50  Queen  
  20  1:56  Queen  
  20  2:00  Drone  
  23  2:03  Drone  
  23  2:05  Drone  
  25  2:10  Drone  
  26  2:16  Overlord  
  26  2:29  Lair  
  26  2:33  Drone x2  
  28  2:38  Extractor  
  28  2:39  Drone  
  28  2:40  Drone  
  28  2:41  Drone  
  28  2:44  Drone  
  31  2:55  Drone x2  
  33  3:01  Drone x3  
  33  3:03  Extractor, Overlord  
  35  3:09  Drone  
  36  3:16  Extractor  
  35  3:22  Overlord  
  35  3:23  Drone x2  
  35  3:24  Drone x2  
  39  3:32  Spire  
  38  3:34  Drone  
  38  3:40  Drone x2  
  38  3:41  Drone  
  42  3:43  Drone  
  42  3:44  Drone  
  42  3:47  Drone  
  45  3:51  Overlord  
  45  3:57  Metabolic Boost  
  45  4:06  Drone  
  46  4:11  Overlord  
  46  4:12  Overlord  
  46  4:43  Mutalisk  
  46  4:44  Mutalisk x6  
  46  4:45  Mutalisk x3  
  66  4:55  Zerg Flyer Weapons Level 1  
  66  5:00  Hatchery  
  66  5:02  Queen  
  67  5:26  Zergling x6, Overlord x2  
  67  5:27  Zergling x4, Overlord  
  67  5:28  Zergling x2  
  73  5:46  Mutalisk  
  73  5:47  Mutalisk x5  
  83  6:08  Zergling x6  
  86  6:13  Drone  
  86  6:14  Drone x2  
  89  6:24  Drone x3  
  92  6:32  Infestation Pit  
  91  6:34  Evolution Chamber  
  91  6:39  Zergling x2  
  92  6:40  Zergling x4  
  91  7:04  Drone x3  
  91  7:05  Drone x3, Overlord x3  
  91  7:06  Overlord  
  91  7:24  Mutalisk x7  
  91  7:25  Mutalisk x2  
  109  7:30  Extractor  
  109  7:35  Zerg Flyer Weapons Level 2  
  108  7:44  Extractor, Drone  
  108  7:52  Hive  
  108  7:59  Drone x2  
  110  8:06  Drone x3  
  113  8:35  Zergling x6  
  113  8:36  Zergling x12, Overlord  
  113  8:37  Zergling x2, Overlord x4  
  113  8:38  Zergling x8  
  113  8:41  Zerg Melee Weapons Level 1  
  127  9:06  Hatchery  
  122  9:13  Extractor  
  121  9:18  Adrenal Glands  
  121  9:23  Ultralisk Cavern  
  120  9:28  Evolution Chamber  
  119  9:44  Zergling x6  
  119  9:45  Zergling x12  
  121  9:46  Zergling x10  
  101  10:11  Mutalisk  
  101  10:12  Ultralisk x3  
  101  10:13  Ultralisk x5  
  145  10:14  Zergling x6  
  145  10:15  Zergling x8  
  118  10:29  Zergling x4  
  118  10:30  Zergling x10  
  118  10:31  Zergling x2  
  126  10:40  Zerg Melee Weapons Level 2  
  126  10:42  Zerg Ground Armor Level 1  
  122  11:04  Zergling x12  
  112  11:05  Zergling x4  
  119  11:17  Ultralisk, Zergling x4  
  119  11:18  Zergling x6  
  114  12:08  Ultralisk x4, Zergling x4  
  135  12:09  Zergling x10  
  131  12:34  Chitinous Plating  
  131  12:36  Ultralisk  
  131  12:37  Ultralisk x2, Zergling x8, Overlord x2  
  150  12:38  Overlord  
  153  13:02  Zerg Melee Weapons Level 3  
  153  13:03  Zerg Ground Armor Level 2  
  153  13:05  Hatchery  
  152  13:21  Zergling x10  
  152  13:22  Zergling x10, Overlord  
  152  13:23  Zergling x12  
  152  13:24  Zergling x4  
  170  13:31  Extractor  
  170  13:33  Extractor  
  161  13:50  Ultralisk x4  
  161  13:51  Zergling x6  
  161  13:52  Anabolic Synthesis  
  165  14:13  Overseer x3  
  113  15:14  Ultralisk x3  
  113  15:15  Ultralisk x4  
  125  15:37  Ultralisk x2, Zergling x2  
  125  15:38  Zergling x4  
  110  16:07  Greater Spire  
  110  16:13  Hatchery  
  109  16:18  Extractor  
  109  16:20  Extractor  
  105  16:42  Drone x4  
  105  16:43  Drone x6  
  105  16:44  Drone x6  
  105  16:45  Drone x2  
  104  17:35  Corruptor x2  
  104  17:36  Corruptor x6  
Show
View Real Time Build Order
Export as new Build Order

Nyck Terran - Winner!

Build Orders:  

Get SALT Encoding   

  12  0:00  SCV  
  13  0:12  SCV  
  14  0:19  Supply Depot  
  14  0:24  SCV  
  15  0:41  SCV  
  16  0:47  Barracks  
  16  0:53  Refinery, SCV  
  17  1:05  SCV  
  18  1:22  SCV  
  18  1:35  SCV  
  20  1:47  Reaper  
  20  1:52  Command Center  
  20  1:53  Orbital Command  
  20  2:19  SCV  
  21  2:28  Barracks Tech Lab  
  21  2:31  SCV  
  21  2:33  Refinery  
  21  2:36  Supply Depot  
  22  2:43  SCV  
  23  2:49  Concussive Shells  
  23  2:58  Marauder  
  25  3:05  SCV, Supply Depot  
  26  3:13  Command Center  
  26  3:22  Orbital Command  
  26  3:25  SCV  
  27  3:33  Factory  
  27  3:36  Combat Shield, Marauder  
  29  3:55  SCV  
  30  3:57  SCV  
  30  3:59  Reaper  
  32  4:07  SCV  
  32  4:09  SCV  
  35  4:38  SCV x2  
  35  4:42  Refinery  
  35  4:45  Refinery  
  36  4:50  SCV x2  
  38  4:58  Starport  
  38  5:05  Armory  
  38  5:09  Supply Depot  
  38  5:10  SCV x2  
  40  5:22  SCV x2  
  42  5:30  Command Center  
  42  5:34  SCV x2, Starport Reactor  
  44  5:38  Starport Tech Lab  
  44  5:41  Starport  
  44  5:46  SCV  
  44  5:47  SCV  
  46  5:54  Terran Ship Weapons Level 1  
  46  5:58  SCV  
  46  5:59  SCV  
  48  6:06  Stimpack  
  48  6:11  SCV x2  
  50  6:14  Supply Depot  
  50  6:21  Fusion Core  
  50  6:22  Starport Tech Lab  
  50  6:23  SCV x2  
  52  6:25  Orbital Command  
  52  6:35  SCV x2  
  52  6:37  Supply Depot  
  54  6:44  Armory  
  54  6:47  SCV  
  54  6:48  SCV  
  56  6:59  Supply Depot  
  56  7:03  Engineering Bay  
  56  7:07  SCV x2  
  56  7:08  SCV  
  59  7:12  Battlecruiser x2  
  59  7:15  Weapon Refit  
  71  7:23  SCV x3  
  71  7:27  Refinery  
  71  7:29  Planetary Fortress  
  74  7:33  Refinery  
  74  7:35  SCV x2  
  76  7:40  Supply Depot  
  76  7:44  Terran Vehicle And Ship Armor Level 1  
  76  7:46  SCV  
  77  7:55  Starport  
  77  7:56  Refinery  
  78  7:59  Marine  
  78  8:01  SCV x3  
  78  8:02  Supply Depot  
  81  8:06  SCV  
  82  8:13  SCV x2  
  82  8:14  SCV  
  82  8:18  SCV, Battlecruiser  
  92  8:23  Neosteel Armor  
  92  8:26  SCV x3, Supply Depot  
  95  8:30  SCV  
  96  8:38  SCV x3  
  99  8:42  SCV  
  99  8:45  Refinery  
  99  8:48  Supply Depot, Battlecruiser  
  106  8:50  SCV x3  
  106  8:51  Starport Tech Lab  
  106  8:54  SCV  
  106  8:55  Starport  
  110  8:59  Terran Ship Weapons Level 2  
  110  9:01  Marine  
  111  9:05  SCV x3  
  114  9:13  SCV  
  115  9:20  Command Center  
  115  9:24  Battlecruiser  
  115  9:29  Battlecruiser  
  127  9:35  SCV x3  
  130  9:44  SCV  
  131  9:47  SCV x3  
  134  9:55  Battlecruiser  
  111  10:26  SCV x3  
  111  10:28  Battlecruiser  
  111  10:33  Battlecruiser  
  123  10:41  SCV  
  123  10:42  SCV x2  
  124  10:46  Starport Tech Lab  
  113  10:52  SCV x2  
  113  10:59  Battlecruiser  
  116  11:13  SCV x2  
  116  11:14  SCV x3  
  116  11:16  Refinery  
  121  11:25  SCV  
  121  11:26  SCV x3  
  131  11:33  Battlecruiser  
  131  11:37  Battlecruiser  
  131  11:39  Battlecruiser  
  137  12:03  Battlecruiser  
  140  12:37  Battlecruiser  
  140  12:43  Battlecruiser  
  134  12:47  Orbital Command  
  134  12:52  SCV x3  
  134  12:56  Hi-Sec Auto Tracking  
  137  13:00  SCV, Battlecruiser  
  137  13:04  SCV x2  
  137  13:05  SCV  
  147  13:10  Command Center  
  147  13:11  Battlecruiser  
  153  13:16  Refinery  
  153  13:35  SCV x3  
  153  13:36  SCV  
  163  13:41  Battlecruiser  
  163  13:50  Terran Vehicle And Ship Armor Level 2  
  163  13:57  SCV  
  163  14:01  Battlecruiser  
  157  14:15  Battlecruiser  
  148  14:42  Battlecruiser  
  160  14:45  Battlecruiser  
  160  14:49  SCV x3  
  163  14:56  SCV  
  155  15:05  Battlecruiser  
  158  15:27  Battlecruiser  
  146  15:45  SCV x4  
  146  15:46  Battlecruiser  
  156  15:57  SCV x4  
  148  16:35  SCV x3  
  148  16:36  SCV  
  148  16:38  Battlecruiser  
  158  16:47  SCV x2  
  158  16:48  SCV x2  
  162  16:57  Battlecruiser  
  162  16:59  SCV  
  163  18:07  Supply Depot  
Show
View Real Time Build Order
Export as new Build Order

LiżMiJaja Terran 

Build Orders: Reaper Expand 

Get SALT Encoding   

  12  0:00  SCV  
  13  0:12  SCV  
  14  0:18  Supply Depot  
  14  0:24  SCV  
  15  0:42  Barracks  
  15  0:44  SCV  
  16  0:50  Refinery  
  16  0:56  SCV  
  17  1:08  SCV  
  18  1:25  SCV  
  19  1:37  Orbital Command  
  19  1:43  Command Center  
  19  1:54  Reaper  
  19  2:00  Barracks  
  19  2:13  SCV  
  20  2:23  Refinery  
  20  2:24  Supply Depot  
  20  2:25  SCV  
  20  2:29  Factory  
  21  2:45  SCV  
  22  3:01  SCV  
  22  3:03  Orbital Command  
  23  3:14  Starport, Barracks Tech Lab  
  23  3:22  SCV  
  24  3:29  SCV  
  24  3:31  Factory Tech Lab  
  25  3:34  SCV, Barracks Reactor  
  26  3:49  Marine  
  26  3:53  SCV, Command Center  
  28  3:57  SCV  
  28  4:01  Stimpack  
  29  4:05  SCV  
  31  4:10  SCV  
  31  4:13  Marine x3  
  31  4:14  Starport Reactor  
  34  4:17  SCV  
  34  4:18  Refinery  
  34  4:22  SCV  
  36  4:26  Supply Depot  
  36  4:29  SCV  
  36  4:30  Supply Depot  
  37  4:34  SCV  
  37  4:37  Siege Tank  
  41  4:41  SCV  
  41  4:44  Refinery  
  42  4:46  SCV  
  42  4:50  Marine x2  
  42  4:51  Marine  
  46  4:52  Medivac  
  46  4:53  SCV  
  46  4:59  Barracks x2  
  49  5:08  Orbital Command  
  49  5:10  SCV x2  
  49  5:12  Siege Tank  
  54  5:20  Medivac  
  54  5:21  Marine x2  
  58  5:22  SCV  
  58  5:23  SCV, Marine  
  61  5:31  Medivac  
  61  5:34  SCV  
  61  5:35  SCV  
  65  5:38  Marine  
  63  5:44  Engineering Bay  
  63  5:46  SCV  
  63  5:47  SCV x2  
  66  5:50  Barracks Reactor  
  66  5:51  Barracks Reactor  
  66  5:56  Supply Depot x2  
  66  6:04  SCV x3  
  63  6:11  Terran Infantry Weapons Level 1, Marine x2  
  65  6:16  SCV  
  65  6:18  Missile Turret  
  68  6:20  Missile Turret x2, SCV x2  
  68  6:23  Medivac  
  68  6:24  Marine  
  73  6:28  SCV  
  73  6:29  Marine  
  76  6:32  SCV  
  76  6:34  Marine x3  
  76  6:35  Marine x2  
  76  6:36  Combat Shield  
  81  6:42  Marine  
  81  6:45  SCV x2  
  81  6:46  Missile Turret  
  66  7:18  Marine, Medivac  
  66  7:19  Marine x4, Medivac  
  66  7:20  Missile Turret, SCV  
  66  7:21  SCV  
  71  7:22  Missile Turret  
  71  7:31  Command Center  
  71  7:33  SCV  
  72  7:39  SCV  
  73  7:45  SCV, Engineering Bay  
  74  7:52  SCV  
  74  7:53  Medivac  
  74  7:54  Marine  
  74  7:55  Missile Turret  
  74  7:57  Supply Depot  
  78  8:07  Missile Turret  
  78  8:13  Armory  
  78  8:14  Terran Infantry Armor Level 1  
  78  8:18  Marine x2  
  78  8:19  SCV x2, Medivac  
  84  8:23  Missile Turret  
  82  8:30  Marine x2  
  82  8:31  SCV x2  
  86  8:35  Barracks  
  86  8:37  Barracks  
  86  8:40  Factory  
  86  8:43  SCV x2  
  88  8:49  Supply Depot  
  88  8:50  Orbital Command  
  88  8:55  SCV x2  
  89  9:07  Missile Turret  
  89  9:09  Marine x3  
  89  9:10  Marine x4  
  89  9:12  Terran Vehicle Weapons Level 1  
  89  9:14  Supply Depot  
  95  9:20  Medivac x2  
  95  9:22  Terran Infantry Weapons Level 2  
  99  9:25  Factory Tech Lab  
  99  9:27  SCV x3, Marine  
  103  9:38  Supply Depot  
  103  9:39  Supply Depot  
  103  9:41  Supply Depot x2  
  101  9:50  Marine x8  
  101  9:52  SCV  
  110  10:07  Marine  
  110  10:08  Marine x6  
  107  10:23  Marine  
  107  10:25  Marine x3  
  107  10:26  Marine x4  
  111  10:30  Terran Infantry Armor Level 2  
  111  10:40  Command Center  
  111  10:41  Marine  
  112  10:43  Marine x5  
  112  10:49  Marine  
  117  10:50  Marine  
  117  10:51  Thor x2  
  131  10:58  Marine  
  131  11:01  Marine x2  
  134  11:11  Barracks  
  134  11:12  Barracks, Marine  
  134  11:13  Barracks  
  134  11:14  Barracks, Liberator x2  
  141  11:38  Thor  
  141  11:39  Thor  
  153  11:40  Marine x2  
  153  11:42  Terran Infantry Weapons Level 3  
  155  11:58  Marine, Marauder  
  155  12:20  Marauder  
  155  12:21  Barracks Tech Lab x5  
  115  12:49  Marauder x6  
  115  12:50  Thor  
  115  12:51  Thor  
  139  12:55  Terran Infantry Armor Level 3  
  139  12:56  Missile Turret x2  
  139  12:58  Orbital Command  
  139  13:00  SCV x3  
  142  13:10  Refinery, Marauder x2  
  142  13:11  Refinery  
  142  13:12  SCV x3, Terran Vehicle Weapons Level 2  
  149  13:15  Concussive Shells  
  149  13:24  SCV x2  
  149  13:25  Medivac  
  153  13:29  Starport, Marine  
  153  13:33  Refinery  
  153  13:34  Refinery  
  154  13:43  Marine  
  154  13:44  Marine x11  
  154  13:46  SCV  
  167  13:51  Supply Depot  
  167  13:52  Supply Depot x2  
  167  13:58  Marine  
  167  14:02  Marauder  
  170  14:06  Thor  
  169  14:12  Marine x11  
  169  14:16  Marine  
  152  14:19  Thor  
  152  14:23  Marine  
  141  14:29  Marine  
  141  14:30  Marine x10  
  136  14:33  Marine  
  130  14:41  Marine  
  120  14:47  Marine x2  
  120  14:48  Marine x2  
  120  14:52  Missile Turret  
  116  14:53  Missile Turret  
  116  14:54  Missile Turret x2  
  116  15:03  Marine  
  116  15:06  Thor x2  
  116  15:07  Marine x2  
  120  15:30  Marine, Marauder x3  
  98  15:38  Orbital Command  
  98  15:40  Marine  
  79  15:43  Marauder x2  
  79  15:46  Orbital Command  
  79  15:48  Thor  
  70  16:25  SCV  
  70  16:31  Marine x9  
  79  16:43  Marauder x3  
  79  16:44  Marauder  
  87  16:48  Marine  
  87  16:51  SCV  
  89  17:06  Marauder x3  
  81  17:22  Marine x2, Marauder x2  
  67  17:23  Marine x6  
  67  17:28  SCV x3  
  51  17:32  Marauder  
  20  17:53  Marine, Marauder x2  
  22  18:02  SCV  
  22  18:03  SCV  
Show
View Real Time Build Order
Export as new Build Order

Red Zerg 

Build Orders: Hatch First, Lurkers 

Get SALT Encoding   

  12  0:00  Drone  
  13  0:15  Overlord  
  13  0:17  Drone  
  14  0:34  Drone x2  
  16  0:37  Drone  
  17  0:53  Hatchery  
  16  0:57  Drone  
  17  1:11  Spawning Pool  
  16  1:12  Drone  
  16  1:16  Drone  
  18  1:21  Drone  
  19  1:31  Overlord  
  19  1:40  Extractor  
  19  1:42  Drone  
  19  1:52  Drone  
  20  2:06  Queen  
  20  2:07  Queen  
  24  2:08  Drone x2  
  26  2:18  Drone x2  
  28  2:27  Drone x2  
  30  2:46  Queen  
  32  2:53  Hatchery  
  32  2:55  Drone x4  
  35  3:02  Overlord  
  35  3:14  Drone  
  35  3:15  Overlord  
  36  3:34  Drone x6  
  36  3:35  Drone  
  43  3:41  Roach Warren  
  43  3:42  Extractor  
  43  3:43  Extractor  
  43  3:46  Lair  
  43  3:47  Evolution Chamber x2  
  38  3:51  Drone x6  
  38  3:54  Overlord  
  44  4:06  Overlord  
  44  4:07  Drone  
  44  4:08  Drone x3  
  48  4:15  Zerg Missile Weapons Level 1, Zerg Ground Armor Level 1  
  48  4:22  Drone x5  
  53  4:31  Spore Crawler  
  53  4:34  Drone, Spore Crawler  
  53  4:35  Drone  
  53  4:38  Extractor  
  53  4:40  Roach x3  
  53  4:45  Queen  
  60  4:58  Roach x5  
  70  5:12  Hydralisk Den  
  70  5:13  Drone x2  
  70  5:14  Drone, Infestation Pit  
  71  5:15  Drone x2  
  71  5:16  Drone  
  74  5:35  Overlord x4  
  74  5:36  Overlord  
  74  5:43  Spore Crawler  
  74  5:47  Spore Crawler  
  72  5:51  Spore Crawler  
  72  5:52  Spore Crawler  
  72  5:54  Hydralisk x6  
  82  6:09  Drone x4  
  82  6:10  Drone x7  
  93  6:14  Extractor  
  93  6:15  Extractor  
  91  6:21  Zerg Missile Weapons Level 2  
  91  6:22  Zerg Ground Armor Level 2  
  91  6:27  Grooved Spines  
  91  6:32  Drone x2  
  93  6:33  Drone  
  93  6:34  Drone x2  
  93  6:35  Drone  
  97  6:43  Hydralisk  
  97  6:44  Hydralisk x3  
  105  7:00  Hydralisk  
  105  7:01  Hydralisk x3  
  107  7:03  Overlord x2  
  107  7:04  Overlord x2  
  113  7:29  Muscular Augments  
  113  7:31  Spire  
  112  7:39  Queen x2  
  118  7:48  Hydralisk  
  118  7:49  Hydralisk x5  
  130  7:52  Hatchery  
  130  7:54  Drone x2  
  130  7:56  Drone  
  132  8:02  Hive  
  129  8:27  Hydralisk x2, Zergling x2, Roach x2  
  129  8:28  Hydralisk, Roach x3  
  145  8:45  Zerg Flyer Weapons Level 1  
  145  8:47  Overlord x3  
  145  8:48  Overlord x3  
  145  9:04  Hydralisk  
  145  9:05  Hydralisk x14  
  175  9:10  Extractor  
  175  9:14  Extractor  
  175  9:15  Zerg Missile Weapons Level 3  
  175  9:17  Pneumatized Carapace  
  173  9:27  Hydralisk x2  
  173  9:28  Hydralisk x3  
  183  9:45  Hydralisk  
  183  9:46  Hydralisk x5  
  189  10:02  Hydralisk x4  
  189  10:03  Hydralisk x2  
  189  10:10  Corruptor  
  173  10:15  Drone x3  
  173  10:16  Drone x2  
  173  10:17  Drone, Overlord x2  
  173  10:20  Overseer x2  
  163  10:24  Spore Crawler  
  162  10:29  Spore Crawler  
  162  10:30  Spore Crawler  
  162  10:31  Drone x5  
  165  10:36  Spore Crawler  
  164  10:46  Zerg Ground Armor Level 3  
  164  10:47  Hydralisk  
  148  11:08  Ultralisk Cavern  
  148  11:10  Lurker Den  
  118  11:16  Drone  
  119  11:18  Hydralisk  
  119  11:19  Hydralisk x4  
  119  11:20  Hydralisk x3, Roach x4  
  119  11:21  Roach x2  
  147  11:30  Hydralisk  
  147  11:31  Hydralisk x3  
  143  11:49  Hydralisk  
  143  11:50  Hydralisk x4  
  126  12:28  Spine Crawler  
  126  12:29  Spine Crawler x2  
  123  12:30  Spine Crawler  
  123  12:31  Spine Crawler  
  123  12:32  Spine Crawler  
  123  12:33  Ultralisk x2, Spine Crawler  
  123  12:36  Chitinous Plating  
  131  12:51  Overseer  
  131  12:55  Queen x2  
  135  13:07  Lurker  
  135  13:08  Lurker x2  
  135  13:12  Hatchery  
  131  13:42  Lurker  
  131  13:43  Lurker x3  
  135  13:54  Hydralisk x2  
  135  13:55  Hydralisk x7  
  150  14:23  Adaptive Talons  
  150  14:45  Ultralisk x2, Roach  
  164  14:46  Ultralisk  
  170  15:11  Hydralisk  
  170  15:12  Hydralisk x5  
  138  15:20  Seismic Spines  
  126  15:22  Hydralisk  
  126  15:23  Hydralisk  
  126  15:32  Drone x4  
  124  15:40  Hydralisk  
  124  15:41  Hydralisk  
  126  15:49  Hydralisk  
  124  15:50  Hydralisk  
  124  16:03  Hydralisk  
  124  16:04  Hydralisk x2  
  104  16:12  Corruptor, Mutalisk  
  96  16:28  Spore Crawler  
  96  16:29  Spore Crawler  
  84  16:33  Spore Crawler  
  84  16:34  Spore Crawler  
  84  16:35  Spore Crawler  
  63  16:40  Corruptor  
  54  17:09  Infestor x3  
  54  17:10  Infestor  
  56  17:26  Corruptor x2  
  54  17:37  Spore Crawler  
Tags
 
Add a new tag
Caveats
  • Supply blocks, unpowered buildings, or Contaminate may cause inaccurate times.
  • Supply counts are checked every 10 seconds.